Map: Emerald City LE

Players

Zabimaru

  • Race: Terran Terran
  • League: Platinum
  • Spawn Location: 11:00

TooL

  • Race: Zerg Zerg
  • Spawn Location: 11:00

qqq

  • Race: Zerg Zerg
  • Spawn Location: 5:00

Massa

  • Race: Terran Terran
  • League: Platinum
  • Spawn Location: 5:00

VOD

Have the link to the VOD?

Description

Time

  • Played on: Feb. 22, 2021, 3:25 p.m.
  • Length: 14:34
Show
View Real Time Build Order
Export as new Build Order

Zabimaru Terran 

Build Orders: Reaper Expand 

Get SALT Encoding   

  12  0:00  SCV  
  13  0:12  SCV  
  14  0:24  SCV, Supply Depot  
  15  0:46  SCV, Barracks  
  15  0:49  Refinery  
  16  0:58  SCV  
  17  1:10  SCV  
  18  1:22  SCV  
  19  1:34  Reaper  
  19  1:35  Orbital Command  
  20  1:48  Command Center  
  20  1:50  Supply Depot  
  20  1:55  Refinery  
  20  2:01  SCV  
  21  2:13  SCV  
  21  2:25  SCV  
  21  2:28  Factory  
  22  2:39  SCV  
  22  2:41  Barracks Reactor  
  24  2:51  SCV  
  24  2:55  Command Center  
  24  2:57  Supply Depot  
  24  3:10  SCV  
  25  3:15  Orbital Command  
  25  3:22  SCV  
  26  3:34  Marine x2  
  26  3:35  Hellion  
  30  3:46  SCV  
  30  3:56  Starport  
  30  4:00  SCV x2  
  32  4:08  Orbital Command  
  32  4:10  Barracks Tech Lab  
  32  4:12  Hellion  
  32  4:13  Barracks  
  32  4:15  SCV  
  35  4:20  Hellion  
  35  4:21  SCV  
  38  4:29  SCV  
  39  4:31  Marine  
  39  4:33  SCV  
  39  4:34  Hellion  
  43  4:41  Starport Reactor  
  43  4:42  Hellion  
  45  4:50  Supply Depot  
  45  4:51  Supply Depot  
  45  4:54  SCV  
  45  4:55  Hellion  
  45  4:57  Supply Depot  
  48  5:03  Hellion  
  50  5:12  Stimpack  
  50  5:15  SCV  
  50  5:16  SCV x2, Hellion  
  50  5:17  Factory  
  55  5:24  Hellion  
  55  5:25  Barracks Reactor  
  55  5:26  Medivac  
  55  5:27  Medivac  
  60  5:33  Refinery  
  60  5:35  Refinery  
  60  5:39  Hellion  
  62  5:46  Hellion  
  64  5:52  SCV x3  
  67  6:01  Hellion, Medivac x2  
  73  6:04  SCV x2  
  73  6:05  Factory Tech Lab  
  73  6:07  Hellion  
  77  6:18  Marine x3  
  80  6:23  Supply Depot  
  80  6:30  Refinery  
  80  6:31  Medivac  
  80  6:32  Orbital Command  
  82  6:33  Refinery  
  82  6:34  Siege Tank  
  82  6:35  Hellion  
  87  6:41  SCV x2  
  78  7:04  Marine  
  78  7:05  Marine x2  
  78  7:07  Widow Mine x2, Medivac x2  
  71  7:17  Siege Tank  
  71  7:19  SCV  
  71  7:22  Marine x2  
  75  7:23  SCV x2  
  79  7:38  Engineering Bay x2  
  79  7:39  Hellion  
  79  7:40  Hellion  
  79  7:43  SCV x2  
  85  7:49  Hellion  
  87  7:55  SCV x3  
  87  7:58  Marine x3  
  93  8:01  Hellion  
  91  8:07  SCV  
  91  8:10  Siege Tank  
  95  8:15  Marine x2  
  95  8:16  Marauder  
  99  8:22  Barracks  
  99  8:23  Barracks  
  97  8:32  SCV x3  
  97  8:33  Marine x2  
  101  8:38  Terran Infantry Armor Level 1, Marauder, Terran Infantry Weapons Level 1  
  103  8:42  Siege Tank  
  103  8:48  Command Center  
  105  8:51  Marine x2  
  99  9:05  SCV x3  
  98  9:15  Supply Depot  
  98  9:16  Supply Depot  
  98  9:17  SCV  
  99  9:27  Armory  
  99  9:28  Armory  
  99  9:31  Starport  
  99  9:33  Barracks Tech Lab, Command Center  
  99  9:34  Barracks Reactor, Starport  
  99  9:36  SCV  
  100  9:39  SCV, Supply Depot  
  100  9:40  SCV  
  100  9:41  Supply Depot  
  102  9:48  SCV  
  102  9:51  SCV  
  102  9:52  SCV  
  105  10:00  SCV  
  105  10:03  SCV, Supply Depot  
  105  10:06  Orbital Command  
  107  10:09  Starport Tech Lab  
  107  10:10  Starport Tech Lab, Concussive Shells  
  107  10:12  Combat Shield  
  107  10:18  Terran Vehicle And Ship Armor Level 1, Terran Ship Weapons Level 1, Fusion Core  
  107  10:19  SCV  
  107  10:20  SCV x2  
  110  10:31  SCV  
  110  10:32  SCV  
  112  10:37  Supply Depot x2  
  112  10:40  Missile Turret  
  112  10:41  Missile Turret x2  
  112  10:42  Missile Turret x2  
  112  10:45  Missile Turret x3  
  112  10:47  Missile Turret  
  112  10:49  Orbital Command  
  112  10:55  Terran Infantry Weapons Level 2  
  112  10:57  Terran Infantry Armor Level 2  
  112  10:59  SCV  
  113  11:05  Missile Turret  
  113  11:11  Marauder x2, Marine x4  
  117  11:16  SCV x2  
  117  11:17  SCV x2  
  124  11:26  Missile Turret, Battlecruiser  
  124  11:27  Weapon Refit  
  124  11:29  Marine x2  
  124  11:30  Marine x2  
  124  11:32  Marine  
  137  11:33  Marauder, Medivac  
  137  11:35  SCV x2  
  141  11:41  SCV x3  
  141  11:44  Siege Tank  
  141  11:47  Marine x2  
  147  11:48  Marine x2, Medivac x2  
  147  11:53  SCV x5  
  160  12:03  Medivac  
  160  12:05  SCV x4  
  160  12:07  Sensor Tower  
  166  12:08  Refinery  
  166  12:09  Refinery  
  166  12:14  Infernal Pre-Igniter  
  166  12:18  Starport, Viking, Battlecruiser  
  166  12:19  Refinery  
  166  12:20  Refinery  
  174  12:23  Siege Tank  
  177  12:30  Battlecruiser  
  177  12:34  Marauder x2, Marine x4  
  177  12:35  Sensor Tower  
  191  12:52  Marine x3  
  191  12:55  Marauder  
  191  12:56  Marauder  
  197  13:09  Marine  
  198  13:17  Marauder  
  176  13:46  Marine x6  
  176  13:48  Raven x2  
  185  14:04  Starport Tech Lab, Marine x6  
Show
View Real Time Build Order
Export as new Build Order

TooL Zerg 

Build Orders: Hatch First 

Get SALT Encoding   

  12  0:00  Drone  
  13  0:12  Overlord  
  13  0:18  Drone  
  14  0:31  Drone x2  
  16  0:41  Drone  
  17  0:45  Drone  
  18  0:58  Hatchery  
  18  0:59  Drone  
  18  1:01  Extractor  
  17  1:11  Drone  
  18  1:20  Drone, Spawning Pool  
  18  1:28  Drone  
  19  1:39  Overlord  
  19  1:52  Drone  
  20  2:02  Drone  
  21  2:08  Metabolic Boost  
  21  2:09  Queen  
  21  2:11  Queen  
  21  2:12  Zergling x4  
  27  2:23  Drone x2  
  29  2:39  Overlord  
  29  2:48  Drone x3  
  32  2:55  Drone x2  
  34  3:01  Baneling Nest  
  34  3:05  Drone x2  
  35  3:15  Hatchery  
  34  3:20  Drone x2  
  34  3:21  Drone x3  
  34  3:25  Drone  
  34  3:26  Drone  
  40  3:30  Overlord  
  39  3:42  Evolution Chamber x2  
  37  3:49  Drone  
  37  3:50  Drone  
  37  3:51  Overlord  
  39  4:04  Extractor  
  39  4:06  Extractor  
  39  4:08  Zerg Ground Armor Level 1  
  39  4:09  Zerg Melee Weapons Level 1  
  38  4:10  Drone x5  
  38  4:11  Zergling x6  
  45  4:30  Baneling x2  
  45  4:44  Drone  
  45  4:45  Drone x10  
  56  4:46  Overlord  
  56  4:48  Queen  
  58  4:55  Extractor  
  58  5:00  Zergling x18  
  66  5:08  Lair  
  66  5:16  Baneling  
  66  5:17  Baneling x2  
  64  5:30  Zergling x2  
  64  5:31  Zergling x14  
  64  5:32  Overlord  
  64  5:35  Overlord  
  68  5:44  Zergling x12  
  74  5:53  Zergling x2  
  74  5:55  Hatchery  
  74  6:02  Zergling x8  
  78  6:09  Zerg Melee Weapons Level 2  
  78  6:10  Spire  
  77  6:11  Zerg Ground Armor Level 2  
  77  6:12  Hatchery  
  75  6:22  Overlord  
  72  6:30  Drone  
  72  6:31  Drone x6  
  79  6:32  Overlord  
  79  6:33  Overlord  
  79  6:41  Extractor  
  79  6:42  Extractor  
  79  6:44  Drone x4  
  70  7:06  Drone x2  
  70  7:07  Drone x2  
  66  7:17  Queen  
  66  7:22  Mutalisk, Zerg Flyer Weapons Level 1  
  68  7:23  Mutalisk x8  
  68  7:25  Mutalisk  
  88  7:37  Zergling x2  
  88  7:38  Zergling x26  
  102  7:56  Hatchery  
  100  8:07  Mutalisk  
  100  8:08  Mutalisk x5  
  100  8:09  Overlord x3  
  107  8:26  Mutalisk x2  
  107  8:27  Mutalisk  
  105  8:28  Zergling x2  
  105  8:29  Zergling x14  
  105  8:32  Infestation Pit  
  118  8:47  Zergling x2  
  118  8:48  Zergling x16  
  127  8:55  Overseer  
  127  9:07  Queen  
  129  9:15  Pneumatized Carapace  
  129  9:17  Zergling x2  
  129  9:18  Zergling x32  
  129  9:19  Zergling x4, Overlord  
  129  9:20  Overlord x2  
  148  9:24  Extractor  
  148  9:25  Extractor, Pathogen Glands  
  146  9:31  Hive  
  142  9:48  Drone x3  
  142  9:49  Drone x3  
  142  9:50  Drone x4  
  142  9:51  Drone  
  142  9:52  Spine Crawler  
  152  9:54  Spine Crawler  
  144  10:36  Infestor x6  
  144  10:39  Overlord x3  
  156  10:48  Zerg Melee Weapons Level 3, Adrenal Glands, Zerg Ground Armor Level 3  
  156  10:55  Ultralisk Cavern  
  155  11:05  Centrifical Hooks  
  155  11:08  Overlord  
  155  11:12  Hatchery  
  150  11:28  Infestor x3  
  150  11:29  Zergling x2  
  150  11:30  Zergling x32  
  150  11:31  Zergling x8  
  175  11:37  Zergling x2  
  175  11:39  Baneling x2  
  175  11:40  Baneling x14  
  174  11:48  Chitinous Plating  
  174  12:03  Baneling x8  
  174  12:06  Burrow  
  174  12:08  Infestor  
  174  12:09  Zergling x2  
  174  12:10  Zergling x12  
  183  12:26  Baneling  
  183  12:27  Baneling x19  
  183  12:28  Zergling x2  
  183  12:29  Zergling x6  
  187  12:50  Drone  
  187  12:51  Drone x12  
  200  13:07  Anabolic Synthesis  
  185  13:20  Baneling  
  185  13:21  Baneling x7  
  184  13:30  Zergling x2  
  184  13:31  Zergling x32  
  184  13:32  Zergling x2  
Show
View Real Time Build Order
Export as new Build Order

qqq Zerg 

Build Orders: Hatch First 

Get SALT Encoding   

  12  0:01  Drone  
  13  0:08  Drone  
  14  0:18  Overlord  
  14  0:46  Hatchery  
  13  0:55  Drone x2  
  13  0:56  Drone  
  16  1:07  Drone  
  17  1:23  Spawning Pool  
  17  1:24  Extractor, Drone  
  16  1:32  Drone  
  17  1:46  Drone  
  18  1:49  Drone  
  19  2:00  Drone  
  19  2:01  Drone  
  21  2:13  Queen x2  
  21  2:15  Overlord  
  25  2:21  Extractor  
  24  2:38  Metabolic Boost  
  24  2:41  Drone  
  24  2:42  Drone x3, Evolution Chamber  
  27  2:54  Drone x3  
  31  2:58  Drone  
  31  3:04  Zergling x2  
  32  3:06  Zergling x2  
  33  3:17  Zerg Melee Weapons Level 1  
  33  3:18  Zergling x2  
  33  3:45  Zergling x6  
  36  3:55  Overlord  
  36  3:56  Overlord x3  
  36  4:10  Overlord  
  36  4:19  Overlord  
  36  4:24  Hatchery, Drone x2  
  36  4:26  Drone x3  
  36  4:29  Zergling x2  
  41  4:31  Hatchery  
  41  4:37  Zergling x2  
  41  4:39  Zergling x6  
  41  4:40  Zergling x2  
  45  4:53  Drone x3, Extractor  
  45  4:57  Zergling x2  
  45  4:58  Zergling x4  
  50  5:11  Zerg Ground Armor Level 1  
  50  5:13  Drone  
  51  5:14  Roach Warren  
  51  5:20  Drone x2  
  52  5:25  Overlord  
  52  5:40  Zergling x4  
  52  5:42  Zergling x6  
  47  6:00  Zergling x6  
  47  6:02  Roach x5  
  47  6:03  Roach x4  
  67  6:07  Lair  
  67  6:11  Drone  
  67  6:12  Drone  
  67  6:15  Drone  
  66  6:30  Drone x3  
  66  6:31  Drone x4  
  73  6:56  Roach  
  73  6:57  Zergling x6, Roach x3  
  68  7:03  Zergling x2  
  68  7:04  Zergling x2  
  68  7:05  Drone x3, Zergling x2  
  68  7:06  Zerg Missile Weapons Level 1, Zergling x6  
  67  7:09  Queen  
  68  7:23  Drone x2  
  68  7:24  Drone x2  
  68  7:29  Extractor  
  71  7:31  Spine Crawler  
  71  7:35  Spine Crawler  
  69  7:39  Roach  
  69  7:40  Roach  
  69  7:41  Drone  
  69  7:43  Drone  
  75  7:54  Glial Reconstitution  
  64  8:18  Spire  
  49  8:21  Queen, Spore Crawler x2  
  49  8:24  Drone x4  
  49  8:25  Drone x5  
  49  8:26  Spore Crawler  
  52  8:33  Roach x3  
  56  8:35  Drone x2  
  55  8:44  Extractor  
  54  8:50  Spore Crawler  
  54  8:51  Drone x2  
  54  8:52  Drone  
  54  8:53  Extractor  
  55  8:56  Extractor  
  55  8:58  Spore Crawler  
  53  9:07  Hatchery  
  52  9:14  Drone x2  
  54  9:19  Queen  
  54  9:20  Drone x2  
  54  9:22  Drone  
  59  9:25  Drone  
  60  9:35  Mutalisk  
  60  9:36  Infestation Pit  
  61  9:40  Spore Crawler  
  61  9:43  Drone  
  61  9:44  Drone, Spore Crawler  
  61  9:46  Drone  
  61  9:48  Drone  
  61  9:51  Mutalisk  
  65  9:56  Mutalisk  
  67  10:00  Drone  
  67  10:01  Drone x2  
  70  10:12  Hive  
  70  10:14  Drone  
  70  10:15  Drone x3  
  70  10:19  Zerg Flyer Weapons Level 1  
  74  10:21  Drone  
  74  10:22  Drone  
  74  10:24  Mutalisk  
  74  10:27  Mutalisk  
  80  10:42  Mutalisk x2  
  80  10:44  Drone x3  
  80  10:45  Drone x3  
  90  10:57  Spore Crawler  
  90  11:02  Spine Crawler  
  90  11:03  Drone x4  
  92  11:05  Mutalisk  
  92  11:06  Mutalisk, Spore Crawler  
  92  11:10  Overlord x2  
  95  11:31  Viper x3  
  95  11:32  Mutalisk x2  
  104  11:33  Mutalisk x2  
  104  11:36  Overlord  
  104  11:37  Overlord x2  
  112  11:54  Queen  
  112  11:56  Mutalisk x2  
  118  12:05  Drone x6  
  124  12:13  Hatchery, Zerg Flyer Armor Level 1  
  123  12:20  Mutalisk x2  
  123  12:21  Mutalisk x3  
  133  12:23  Drone  
  134  12:30  Extractor  
  134  12:31  Extractor  
  132  12:45  Mutalisk x2, Spore Crawler  
  132  12:46  Zergling x2  
  132  12:47  Overlord x8  
  136  13:08  Mutalisk x4  
  136  13:09  Mutalisk x2  
  99  13:57  Mutalisk x4  
  99  13:58  Mutalisk x2  
Show
View Real Time Build Order
Export as new Build Order

Massa Terran 

Build Orders:  

Get SALT Encoding   

  12  0:00  SCV  
  13  0:13  SCV  
  14  0:25  SCV  
  14  0:27  Supply Depot  
  15  0:48  SCV  
  16  0:52  Barracks  
  16  0:55  Barracks  
  16  1:02  Refinery  
  16  1:03  SCV  
  17  1:15  SCV  
  18  1:27  SCV  
  20  1:40  SCV  
  20  1:47  Reaper  
  21  1:54  Orbital Command  
  21  2:03  Command Center  
  21  2:12  Marine  
  21  2:13  Supply Depot  
  21  2:45  Reaper  
  21  2:48  Factory  
  22  2:52  SCV  
  23  3:04  SCV  
  24  3:08  Supply Depot  
  24  3:10  Supply Depot  
  23  3:17  Marine  
  23  3:21  Supply Depot  
  23  3:25  Supply Depot  
  23  3:27  Orbital Command  
  23  3:46  Barracks Reactor, Hellion  
  25  3:51  Supply Depot  
  25  3:53  SCV  
  26  3:57  SCV  
  27  4:05  SCV  
  28  4:33  Factory  
  28  4:36  Hellion x2  
  32  4:58  Hellion x2  
  36  5:14  Barracks Tech Lab  
  36  5:15  SCV x2  
  36  5:19  Factory Tech Lab, Hellion x2  
  42  5:27  SCV  
  42  5:28  SCV  
  44  5:40  SCV  
  37  5:44  Hellion x2  
  37  5:46  Infernal Pre-Igniter  
  37  5:48  SCV  
  42  5:52  SCV  
  43  5:58  Engineering Bay  
  43  6:00  SCV  
  43  6:02  Barracks, Command Center  
  43  6:04  Starport, SCV, Barracks  
  45  6:06  Barracks  
  45  6:07  Barracks  
  45  6:11  Hellion x3  
  51  6:12  SCV  
  51  6:16  SCV  
  53  6:32  SCV x2, Hellion  
  55  6:40  Hellion x2  
  55  6:44  SCV x2  
  57  6:53  Hellion, Marine x2  
  49  7:02  Hellion  
  47  7:11  Marine x2  
  47  7:15  Hellion  
  51  7:16  Planetary Fortress  
  51  7:19  SCV x2  
  51  7:22  Siege Tank  
  56  7:23  Hellion  
  56  7:24  Refinery  
  56  7:26  Refinery  
  56  7:28  Marine  
  59  7:31  SCV x2  
  59  7:36  Barracks Reactor, Barracks Tech Lab x2, Hellion  
  63  7:38  Marine x2  
  63  7:43  SCV x2  
  67  7:45  Hellion  
  67  7:46  Marine  
  70  7:55  SCV x3  
  73  8:07  SCV x2  
  73  8:12  Starport Tech Lab  
  75  8:14  Stimpack  
  75  8:19  Missile Turret  
  75  8:22  Missile Turret  
  75  8:23  Marine  
  75  8:24  Marine x6  
  82  8:28  Missile Turret  
  82  8:41  SCV x3, Marine  
  84  8:42  Marine x5  
  92  8:49  Widow Mine x3  
  92  8:53  SCV x2  
  99  8:59  Marine x3  
  99  9:00  Marauder  
  100  9:05  Barracks Reactor  
  90  9:10  Widow Mine x2  
  90  9:11  Widow Mine, Refinery x2  
  96  9:20  Missile Turret  
  96  9:21  Medivac  
  96  9:23  Barracks Reactor  
  98  9:25  Marauder, Marine  
  98  9:27  Terran Infantry Weapons Level 1  
  101  9:32  Supply Depot x2  
  101  9:33  Supply Depot x3  
  101  9:34  Marine, Missile Turret, Supply Depot  
  101  9:36  Marauder  
  101  9:37  Widow Mine  
  101  9:38  Widow Mine  
  100  9:39  Marauder  
  100  9:43  SCV, Marine  
  100  9:44  SCV x2  
  96  9:52  Marine  
  97  9:55  SCV  
  97  9:56  SCV x2  
  100  10:02  Combat Shield  
  100  10:04  Concussive Shells  
  100  10:05  Marauder x2, Marine  
  105  10:08  SCV x3  
  105  10:10  Refinery  
  108  10:17  Armory  
  108  10:18  Engineering Bay  
  108  10:20  SCV x3  
  111  10:21  Missile Turret  
  111  10:25  Missile Turret  
  109  10:32  Widow Mine x3  
  106  10:40  Missile Turret  
  106  10:51  Sensor Tower  
  106  10:53  Widow Mine  
  108  10:58  Medivac  
  108  10:59  Marine, Missile Turret  
  108  11:00  Marine x8  
  119  11:17  Marine x3  
  119  11:30  Command Center  
  119  11:49  Siege Tank  
  119  11:50  Widow Mine x2  
  119  11:52  Medivac  
  128  11:55  Marauder x3, Marine x3  
  128  11:56  Marine x3  
  128  11:57  Missile Turret x2  
  140  12:02  Missile Turret  
  140  12:11  Widow Mine  
  140  12:13  Marine  
  140  12:15  Widow Mine  
  145  12:16  Marauder x2  
  145  12:17  Missile Turret  
  145  12:18  Drilling Claws, Missile Turret  
  149  12:23  Terran Infantry Armor Level 1, Missile Turret  
  149  12:30  Supply Depot x2  
  149  12:31  Supply Depot  
  149  12:32  Supply Depot  
  149  12:34  Supply Depot  
  149  12:41  Widow Mine, SCV x3, Medivac, Siege Tank  
  159  12:45  Refinery  
  159  12:52  Sensor Tower  
  159  12:53  SCV x3  
  159  12:55  Supply Depot x2  
  163  13:05  SCV x2  
  163  13:11  Medivac  
  166  13:19  Marauder, Marine x2  
  169  13:20  Marauder  
  170  13:28  SCV x4  
  143  13:40  SCV x4  
  143  13:41  Medivac  
  91  13:52  SCV x4  
  88  14:01  Marauder x3, Marine x2  
  89  14:03  Widow Mine x2  
Tags
 
Add a new tag
Caveats
  • Supply blocks, unpowered buildings, or Contaminate may cause inaccurate times.
  • Supply counts are checked every 10 seconds.